PBL
KANSAS CITY ROYALS @ TAMPA BAY RAYS
09/15/2070
 
TOP OF THE 1ST
Kansas City Royals batting - Pitching for Tampa Bay Rays : RHP Ramón Candeléria
Pitching: RHP Ramón Candeléria
Batting: LHB Dan Heller 0-0: Called Strike
0-1: Fly out, F8 (Flyball, 78D, EV 83.1 MPH)
Batting: RHB Neal Martin 0-0: Called Strike
0-1: Foul Ball, location: 7LSF
0-2: Ball
1-2: Ball
2-2: Strikes out swinging
Batting: RHB Edgardo Pérez 0-0: Ball
1-0: Ball
2-0: Swinging Strike
2-1: Foul Ball, location: 9LMF
2-2: Ball
3-2: Fly out, F4 (Popup, 4, EV 76.3 MPH)
Top of the 1st over - 0 runs, 0 hits, 0 errors, 0 left on base; Kansas City 0 - Tampa Bay 0
BOTTOM OF THE 1ST
Tampa Bay Rays batting - Pitching for Kansas City Royals : RHP Ronald Coleman
Pitching: RHP Ronald Coleman
Batting: RHB Ken Potter 0-0: Ball
1-0: Ball
2-0: Called Strike
2-1: Foul Ball, location: 7LMF
2-2: Foul Ball, location: 2F
2-2: Foul Ball, location: 25F
2-2: Ground out 6-3 (Groundball, 6, EV 86.9 MPH)
Batting: LHB Manuel Gonzáles 0-0: Ball
1-0: SINGLE (Line Drive, 56D, EV 95.6 MPH)
Batting: RHB Tom Pike 0-0: Called Strike
0-1: Swinging Strike
0-2: SINGLE (Groundball, 4MD, EV 103.8 MPH)
Manuel Gonzáles to second
Batting: RHB Jorge Baca 0-0: Foul Ball, location: 9LDF
0-1: Foul Ball, location: 9LSF
0-2: Strikes out swinging
Batting: SHB Barry Huffman 0-0: Called Strike
0-1: Ball
1-1: Called Strike
1-2: Ball
2-2: Fly out, F6 (Popup, 6M, EV 51.9 MPH)
Bottom of the 1st over - 0 runs, 2 hits, 0 errors, 2 left on base; Kansas City 0 - Tampa Bay 0
TOP OF THE 2ND
Kansas City Royals batting - Pitching for Tampa Bay Rays : RHP Ramón Candeléria
Batting: RHB Tamuramaro Maeda 0-0: Called Strike
0-1: SINGLE (Groundball, 6MD, EV 94.4 MPH)
Batting: RHB Bert Acheson 0-0: Foul Ball, location: 9LDF
0-1: SINGLE (Flyball, 89S, EV 91.3 MPH)
Tamuramaro Maeda to second
Batting: LHB Thomas Thompson 0-0: Called Strike
0-1: Called Strike
0-2: Foul Ball, location: 9LDF
0-2: Foul Ball, location: 23F
0-2: Foul Ball, location: 25F
0-2: Foul Ball, location: 7LSF
0-2: Ball
1-2: Strikes out looking
Batting: LHB Mike Downs 0-0: Ball
1-0: Fielders Choice at 3rd, U5 (Groundball, 5L, EV 83.8 MPH)
Bert Acheson to second
Batting: RHB David Harris 0-0: Called Strike
0-1: Swinging Strike
0-2: Ball
1-2: Foul Ball, location: 2F
1-2: Strikes out looking
Top of the 2nd over - 0 runs, 2 hits, 0 errors, 2 left on base; Kansas City 0 - Tampa Bay 0
BOTTOM OF THE 2ND
Tampa Bay Rays batting - Pitching for Kansas City Royals : RHP Ronald Coleman
Batting: RHB Colt Keeling 0-0: Foul Ball, location: 25FF
0-1: DOUBLE (Flyball, 8LXD, EV 111.9 MPH)
Batting: RHB Carlos Cruz 0-0: Ball
1-0: Swinging Strike
1-1: Called Strike
1-2: Strikes out swinging
Batting: RHB John Nelson 0-0: Foul Ball, location: 2F
0-1: Ball
1-1: Ground out 6-3 (Groundball, 6, EV 85.6 MPH)
Batting: RHB Pedro Yega 0-0: Fly out, F7 (Flyball, 7S, EV 75.6 MPH)
Bottom of the 2nd over - 0 runs, 1 hit, 0 errors, 1 left on base; Kansas City 0 - Tampa Bay 0
TOP OF THE 3RD
Kansas City Royals batting - Pitching for Tampa Bay Rays : RHP Ramón Candeléria
Batting: RHB Koji Omori 0-0: Foul Ball, location: 9LMFF
0-1: Fly out, F5 (Line Drive, 6, EV 68.1 MPH)
Batting: LHB Dan Heller 0-0: Ball
1-0: Foul Ball, location: 2F
1-1: Ground out 6-3 (Groundball, 6M, EV 88.1 MPH)
Batting: RHB Neal Martin 0-0: Called Strike
0-1: Ground out U3 (Groundball, 3L, EV 81.9 MPH)
Top of the 3rd over - 0 runs, 0 hits, 0 errors, 0 left on base; Kansas City 0 - Tampa Bay 0
BOTTOM OF THE 3RD
Tampa Bay Rays batting - Pitching for Kansas City Royals : RHP Ronald Coleman
Batting: RHB Ken Potter 0-0: Ball
1-0: SINGLE (Line Drive, 6D, EV 98.1 MPH)
Batting: LHB Manuel Gonzáles 0-0: Fielders Choice at 2nd, 4-6 (Groundball, 4, EV 81.9 MPH)
Batting: RHB Tom Pike 0-0: Ball
1-0: Foul Ball, location: 2F
1-1: Ball
2-1: Foul Ball, location: 7LMFF
2-2: Ball
3-2: Base on Balls
Manuel Gonzáles to second
Batting: RHB Jorge Baca 0-0: Ball
1-0: Foul Ball, location: 2F
1-1: Ball
2-1: Ball
3-1: Called Strike
3-2: Fielders Choice at 2nd, 5-4 (Groundball, 56, EV 80.0 MPH)
Manuel Gonzáles to third
Batting: SHB Barry Huffman 0-0: Ball
1-0: Called Strike
1-1: Swinging Strike
1-2: Strikes out swinging
Bottom of the 3rd over - 0 runs, 1 hit, 0 errors, 2 left on base; Kansas City 0 - Tampa Bay 0
TOP OF THE 4TH
Kansas City Royals batting - Pitching for Tampa Bay Rays : RHP Ramón Candeléria
Batting: RHB Edgardo Pérez 0-0: Ball
1-0: Ball
2-0: Ball
3-0: Base on Balls
Batting: RHB Tamuramaro Maeda 0-0: Called Strike
0-1: Ball
1-1: Swinging Strike
1-2: Foul Ball, location: 2F
1-2: Ball
2-2: Grounds into double play, 6-4-3 (Groundball, 6, EV 84.4 MPH)
Batting: RHB Bert Acheson 0-0: Ball
1-0: Called Strike
1-1: Fly out, F9 (Flyball, 9D, EV 105.6 MPH)
Top of the 4th over - 0 runs, 0 hits, 0 errors, 0 left on base; Kansas City 0 - Tampa Bay 0
BOTTOM OF THE 4TH
Tampa Bay Rays batting - Pitching for Kansas City Royals : RHP Ronald Coleman
Batting: RHB Colt Keeling 0-0: Called Strike
0-1: SINGLE (Flyball, 9S, EV 91.9 MPH)
Batting: RHB Carlos Cruz 0-0: Called Strike
0-1: Ball
1-1: Foul Ball, location: 2F
1-2: Fly out, F6 (Popup, P, EV 88.8 MPH)
Batting: RHB John Nelson 0-0: DOUBLE (Line Drive, 9LM, EV 98.1 MPH)
Colt Keeling to third
Runner from 3rd tries for Home, SAFE, no throw by RF
Batting: RHB Pedro Yega 0-0: Foul Ball, location: 5F
0-1: Ball
1-1: Ground out 3-1 (Groundball, 34S, EV 87.5 MPH)
John Nelson to third
Batting: RHB Ken Potter 0-0: Called Strike
0-1: SINGLE (Line Drive, 78S, EV 90.0 MPH)
John Nelson scores
Batting: LHB Manuel Gonzáles 0-0: Called Strike
0-1: Foul Ball, location: 3SF
0-2: Ball
1-2: Foul Ball, location: 3FF
1-2: Ground out 6-3 (Groundball, 4, EV 99.4 MPH)
Bottom of the 4th over - 2 runs, 3 hits, 0 errors, 1 left on base; Kansas City 0 - Tampa Bay 2
TOP OF THE 5TH
Kansas City Royals batting - Pitching for Tampa Bay Rays : RHP Ramón Candeléria
Batting: LHB Thomas Thompson 0-0: SINGLE (Line Drive, 7S, EV 96.3 MPH)
Batting: LHB Mike Downs 0-0: SINGLE (Line Drive, 7S, EV 109.4 MPH)
Thomas Thompson to second
Batting: RHB David Harris 0-0: Ball
1-0: Swinging Strike
1-1: Grounds into double play, 5-4-3 (Groundball, 56, EV 104.4 MPH)
Thomas Thompson to third
Batting: RHB Koji Omori 0-0: Called Strike
0-1: Foul Ball, location: 25FF
0-2: Ball
1-2: Ball
2-2: SINGLE (Line Drive, 9S, EV 104.4 MPH)
Thomas Thompson scores
Batting: LHB Dan Heller 0-0: Called Strike
0-1: Foul Ball, location: 9LMF
0-2: SINGLE (Groundball, P, EV 88.8 MPH) (infield hit)
Koji Omori to second
Batting: RHB Neal Martin 0-0: Swinging Strike
0-1: Foul Ball, location: 2F
0-2: Strikes out swinging
Top of the 5th over - 1 run, 4 hits, 0 errors, 2 left on base; Kansas City 1 - Tampa Bay 2
BOTTOM OF THE 5TH
Tampa Bay Rays batting - Pitching for Kansas City Royals : RHP Ronald Coleman
Batting: RHB Tom Pike 0-0: Called Strike
0-1: Ball
1-1: Swinging Strike
1-2: Foul Ball, location: 2F
1-2: Foul Ball, location: 9LDF
1-2: Foul Ball, location: 5FF
1-2: SINGLE (Line Drive, 89S, EV 93.8 MPH)
Batting: RHB Jorge Baca 0-0: Ball
1-0: Ball
2-0: Called Strike
2-1: Swinging Strike
2-2: SINGLE (Popup, 6D, EV 56.9 MPH)
Tom Pike to second
Batting: SHB Barry Huffman 0-0: Called Strike
0-1: Called Strike
0-2: Foul Ball, location: 7LDF
0-2: Ball
1-2: Ball
2-2: Foul Ball, location: 5F
2-2: Ball
3-2: Strikes out swinging
Batting: RHB Colt Keeling 0-0: Called Strike
0-1: SINGLE (Flyball, 5D, EV 98.1 MPH)
Tom Pike to third
Jorge Baca to second
Pitching: RHP Nelson Bautista
Batting: RHB Carlos Cruz 0-0: Ball
1-0: Foul Ball, location: 2F
1-1: Swinging Strike
1-2: Foul Ball, location: 5FF
1-2: Ball
2-2: Ball
3-2: SINGLE (Line Drive, 6D, EV 97.5 MPH)
Tom Pike scores
Jorge Baca to third
Colt Keeling to second
Runner from 3rd tries for Home, SAFE, throw by CF to home
Batting: RHB John Nelson 0-0: Ball
1-0: Called Strike
1-1: Foul Ball, location: 9LMF
1-2: Ball
2-2: Strikes out swinging
Batting: RHB Pedro Yega 0-0: Foul Ball, location: 9LSFF
0-1: Foul Ball, location: 9LSFF
0-2: Strikes out swinging
Bottom of the 5th over - 2 runs, 4 hits, 0 errors, 2 left on base; Kansas City 1 - Tampa Bay 4
TOP OF THE 6TH
Kansas City Royals batting - Pitching for Tampa Bay Rays : RHP Ramón Candeléria
Batting: RHB Edgardo Pérez 0-0: Called Strike
0-1: Called Strike
0-2: Ball
1-2: Ball
2-2: Foul Ball, location: 2F
2-2: Fly out, F9 (Flyball, 9S, EV 91.9 MPH)
Batting: RHB Tamuramaro Maeda 0-0: Called Strike
0-1: Ball
1-1: Ball
2-1: Foul Ball, location: 25FF
2-2: DOUBLE (Line Drive, 9LS, EV 96.9 MPH)
Batting: RHB Bert Acheson 0-0: Swinging Strike
0-1: Ball
1-1: SINGLE (Line Drive, 7LS, EV 84.4 MPH)
Tamuramaro Maeda to third
Batting: LHB Thomas Thompson 0-0: Called Strike
0-1: Fly out, F4 (Popup, 4, EV 73.1 MPH)
Batting: LHB Mike Downs 0-0: Ball
1-0: Foul Ball, location: 2LF
1-1: Fielders Choice at 2nd, 5-4 (Groundball, 5L, EV 96.3 MPH)
Top of the 6th over - 0 runs, 2 hits, 0 errors, 2 left on base; Kansas City 1 - Tampa Bay 4
BOTTOM OF THE 6TH
Tampa Bay Rays batting - Pitching for Kansas City Royals : RHP Nelson Bautista
Batting: RHB Ken Potter 0-0: Ground out 6-3 (Groundball, 6M, EV 101.9 MPH)
Batting: LHB Manuel Gonzáles 0-0: Called Strike
0-1: Ball
1-1: DOUBLE (Line Drive, 7LM, EV 104.4 MPH)
Batting: RHB Tom Pike 0-0: Ball
1-0: Foul Ball, location: 2F
1-1: Ground out 4-3 (Groundball, 4, EV 104.4 MPH)
Manuel Gonzáles to third
Batting: RHB Jorge Baca 0-0: Called Strike
0-1: Called Strike
0-2: Ball
1-2: Strikes out swinging
Bottom of the 6th over - 0 runs, 1 hit, 0 errors, 1 left on base; Kansas City 1 - Tampa Bay 4
TOP OF THE 7TH
Kansas City Royals batting - Pitching for Tampa Bay Rays : RHP Ramón Candeléria
Batting: RHB David Harris 0-0: Swinging Strike
0-1: Ball
1-1: Swinging Strike
1-2: Hit by Pitch
Batting: RHB Koji Omori 0-0: Ball
1-0: Ball
2-0: Called Strike
2-1: Foul Ball, location: 3FF
2-2: Ball
3-2: Grounds into double play, 5-4-3 (Groundball, 56, EV 105.0 MPH)
Batting: LHB Dan Heller 0-0: Ball
1-0: Ball
2-0: Ball
3-0: Called Strike
3-1: Foul Ball, location: 5DF
3-2: Foul Ball, location: 5DF
3-2: Ground out U3 (Groundball, 23, EV 79.4 MPH)
Top of the 7th over - 0 runs, 0 hits, 0 errors, 0 left on base; Kansas City 1 - Tampa Bay 4
BOTTOM OF THE 7TH
Tampa Bay Rays batting - Pitching for Kansas City Royals : RHP Nelson Bautista
Batting: SHB Barry Huffman 0-0: Fly out, F5 (Popup, 5D, EV 55.6 MPH)
Batting: RHB Colt Keeling 0-0: Foul Ball, location: 2F
0-1: Ball
1-1: Called Strike
1-2: Strikes out swinging
Batting: RHB Carlos Cruz 0-0: Ball
1-0: Foul Ball, location: 23F
1-1: Foul Ball, location: 25F
1-2: Ball
2-2: Foul Ball, location: 9LMF
2-2: Foul Ball, location: 9LMF
2-2: Fly out, F9 (Flyball, 89D, EV 99.4 MPH)
Bottom of the 7th over - 0 runs, 0 hits, 0 errors, 0 left on base; Kansas City 1 - Tampa Bay 4
TOP OF THE 8TH
Kansas City Royals batting - Pitching for Tampa Bay Rays : RHP Ramón Candeléria
Pitching: RHP Ben Nicholson
Batting: RHB Neal Martin 0-0: Ball
1-0: Called Strike
1-1: Swinging Strike
1-2: Foul Ball, location: 2F
1-2: Ball
2-2: Strikes out looking
Batting: RHB Edgardo Pérez 0-0: Ball
1-0: Called Strike
1-1: Ground out 5-3 (Groundball, 5, EV 103.1 MPH)
Batting: RHB Tamuramaro Maeda 0-0: Ball
1-0: Called Strike
1-1: Foul Ball, location: 2F
1-2: Ball
2-2: Ball
3-2: Fly out, F8 (Flyball, 8RS, EV 79.4 MPH)
Top of the 8th over - 0 runs, 0 hits, 0 errors, 0 left on base; Kansas City 1 - Tampa Bay 4
BOTTOM OF THE 8TH
Tampa Bay Rays batting - Pitching for Kansas City Royals : RHP Nelson Bautista
Pitching: RHP Ken Hopkins
Batting: RHB John Nelson 0-0: Ball
1-0: Ball
2-0: Reached on error, E6 (Groundball, 6, EV 109.4 MPH)
Batting: RHB Pedro Yega 0-0: Ball
1-0: Foul Ball, location: 2F
1-1: Ground out 6-3 (Groundball, 6S, EV 64.4 MPH)
John Nelson to third
Batting: RHB Ken Potter 0-0: Ball
1-0: Called Strike
1-1: Ball
2-1: Ball
3-1: Base on Balls
Batting: LHB Manuel Gonzáles Pickoff Throw to First - Error! E1
John Nelson scores
Ken Potter to second
0-0: Called Strike
0-1: Foul Ball, location: 2F
0-2: Foul Ball, location: 2F
0-2: Ball
1-2: Ball
2-2: Strikes out swinging
Batting: RHB Tom Pike 0-0: Called Strike
0-1: Swinging Strike
0-2: Ball
1-2: Ball
2-2: Ball
3-2: Strikes out swinging
Bottom of the 8th over - 1 run, 0 hits, 2 errors, 1 left on base; Kansas City 1 - Tampa Bay 5
TOP OF THE 9TH
Kansas City Royals batting - Pitching for Tampa Bay Rays : RHP Ben Nicholson
Batting: RHB Bert Acheson 0-0: Foul Ball, location: 5F
0-1: Ball
1-1: Ground out 6-3 (Groundball, 6, EV 86.3 MPH)
Batting: LHB Thomas Thompson 0-0: Called Strike
0-1: Ball
1-1: Ball
2-1: Foul Ball, location: 2F
2-2: Fly out, F9 (Flyball, 9LM, EV 90.6 MPH)
Batting: LHB Mike Downs 0-0: Swinging Strike
0-1: Ball
1-1: Foul Ball, location: 2F
1-2: Fly out, F7 (Flyball, 7S, EV 99.4 MPH)
Top of the 9th over - 0 runs, 0 hits, 0 errors, 0 left on base; Kansas City 1 - Tampa Bay 5
Saturday, February 17th , 2024 - OOTP Baseball 24.10 Build 82